 Dungeon Crawl Stone Soup version 0.32-a0-42-ga30500b4d3 (webtiles) character file.

Game seed: 2350858804084024802

149 Ceno the Trooper (level 5, -1/54 HPs)
             Began as an Oni Warper on Feb 2, 2024.
             Was an Initiate of Cheibriados.
             Slain by an ufetubus (2 damage)
             ... on level 5 of the Dungeon.
             The game lasted 00:15:19 (4230 turns).

Ceno the Trooper (Oni Warper)                       Turns: 4230, Time: 00:15:20

Health: -1/54      AC:  3    Str: 16    XL:     5   Next: 31%
Magic:  10/10      EV: 10    Int: 17    God:    Cheibriados [......]
Gold:   180        SH:  0    Dex: 15    Spells: 2/11 levels left

rFire   . . .        a - +0 mace
rCold   . . .        (no shield)
rNeg    . . .        b - +0 robe
rPois   .            (helmet restricted)
rElec   .            (no cloak)
rCorr   .            (gloves unavailable)
SInv    .            (boots unavailable)
Will    .....        w - amulet of magic regeneration
Stlth   +            l - +6 ring of dexterity
HPRegen 0.29/turn    (no ring)
MPRegen 0.52/turn

%: no passive effects
@: very slow
A: large, unfitting armour, horns 1, tough skin 1, double potion healing,
drunken brawling
a: Renounce Religion


You were on level 5 of the Dungeon.
You worshipped Cheibriados.
Cheibriados was noncommittal.
You visited 2 branches of the dungeon, and saw 6 of its levels.

You collected 180 gold pieces.

Inventory:

Hand Weapons
 a - a +0 mace (weapon)
Missiles
 d - 6 darts of dispersal
 e - 87 stones (quivered)
 q - 6 poisoned darts
Armour
 b - a +0 robe (worn)
Jewellery
 l - a +6 ring of dexterity (left hand)
 w - an amulet of magic regeneration (around neck)
Wands
 o - a wand of iceblast (11)
Scrolls
 c - a scroll of blinking
 h - a scroll of identify
 m - 2 scrolls of fog {unknown}
 n - 4 scrolls of immolation
 r - a scroll of teleportation {unknown}
 u - a scroll of silence {unknown}
 v - a scroll of fear {unknown}
 y - a scroll of revelation {unknown}
Potions
 f - a potion of lignification
 g - 2 potions of haste
 j - a potion of might
 k - a potion of curing
 p - a potion of enlightenment
 s - a potion of degeneration
 t - a potion of attraction {unknown}
 x - a potion of heal wounds {unknown}


   Skills:
 + Level 4.2 Fighting
 + Level 3.1 Maces & Flails
 - Level 1.0 Throwing
 - Level 2.1 Dodging
 + Level 3.5 Spellcasting
 + Level 3.5 Translocations


You had 2 spell levels left.
You knew the following spells:

 Your Spells              Type           Power      Damage    Failure   Level
a - Blink                 Tloc           30%        N/A       6%          2
b - Manifold Assault      Tloc           15%        N/A       36%         4
c - Teleport Other        Tloc           15%        N/A       12%         3

Your spell library contained the following spells:

 Spells                   Type           Power      Damage    Failure   Level
 Lesser Beckoning         Tloc           30%        N/A       6%          2
 Fugue of the Fallen      Necr           3%         N/A       45%         3
 Ozocubu's Armour         Ice            3%         N/A       45%         3
 Vhi's Electric Charge    Tloc/Air       18%        N/A       63%         4
 Summon Forest            Summ/Tloc      4%         N/A       92%         5
 Eringya's Noxious Bog    Alch           1%         4d6       100%        6
 Summon Hydra             Summ           1%         N/A       100%        7


Dungeon Overview and Level Annotations

Branches:
Dungeon (5/15)             Temple (1/1) D:5

Altars:
Ashenzari
Cheibriados
Dithmenos
Elyvilon
Fedhas
Gozag
Hepliaklqana
Kikubaaqudgha
Nemelex Xobeh
Okawaru
Qazlal
Ru
Vehumet
Wu Jian
Xom
Yredelemnul
Zin
The Shining One

Shops:
D:1 [   D:4 !

Portals:
Abyss: D:4

Annotations:
D:4 2 transporters, Sigmund; cforsyth's ghost, amateur DjHW


Innate Abilities, Weirdness & Mutations

You are too large for most types of armour.
You have a pair of small horns on your head.
You have tough skin. (AC +1)
You gain doubled healing and magic from potions.
Whenever you drink a healing potion, you attack all around you.


Message History

The ufetubus hits you.
* * * LOW HITPOINT WARNING * * *
The ufetubus hits you.
* * * LOW HITPOINT WARNING * * *
The ufetubus hits you.
* * * LOW HITPOINT WARNING * * *
The ufetubus hits you.
* * * LOW HITPOINT WARNING * * *
You take a swig of the potion and twirl your +0 mace.
You closely miss the ufetubus.
The ufetubus is moderately wounded.
You closely miss the ufetubus.
You savour every drop.
You feel better.
The ufetubus hits you but does no damage.
The ufetubus barely misses you. x2; The ufetubus hits you.
* * * LOW HITPOINT WARNING * * *
The ufetubus barely misses you.
The ufetubus hits you but does no damage.
The ufetubus barely misses you. The ufetubus hits you.
* * * LOW HITPOINT WARNING * * *
You take a swig of the potion and twirl your +0 mace.
You hit the ufetubus but do no damage.
You headbutt the ufetubus, but do no damage.
The ufetubus is lightly wounded.
You completely miss the ufetubus. Your headbutt misses the ufetubus.
Magic courses through your body.
The ufetubus hits you but does no damage.
The ufetubus hits you.
* * * LOW HITPOINT WARNING * * *
The ufetubus hits you.
* * * LOW HITPOINT WARNING * * *
The ufetubus hits you.
* * * LOW HITPOINT WARNING * * *
You barely miss the ufetubus. Your headbutt misses the ufetubus.
The ufetubus is lightly wounded.
The ufetubus hits you but does no damage.
The ufetubus misses you. The ufetubus closely misses you. x2
The ufetubus hits you.
* * * LOW HITPOINT WARNING * * *
The ufetubus hits you.
You die...

##..................<#
.......................
.............####......
!.............# #......
(.###.........# #......
#...#........# ######.
#...###...#..# .
#..5#..#..# .
#..@###...# #..5# ...#
...###. #### ..#.# ..
#. ### #


You could see 2 ufetubi.

Vanquished Creatures
  A hound (D:4)
  3 adders
  2 ribbon worms (D:2)
  4 orcs (D:3)
  6 ball pythons
  A bat (D:1)
  7 endoplasms
  6 giant cockroaches
  8 goblins
  10 hobgoblins
  A jackal (D:2)
  11 kobolds
  6 quokkas
  5 frilled lizards
  7 rats
78 creatures vanquished.

Notes
Turn   | Place    | Note
-------+----------+-------------------------------------------
     0 | D:1      | Ceno the Oni Warper began the quest for the Orb.
     0 | D:1      | Reached XP level 1. HP: 22/22 MP: 3/3
   203 | D:1      | Found Cudiefaxkut's Antique Armour Boutique.
   271 | D:1      | Reached skill level 3 in Fighting
   271 | D:1      | Reached XP level 2. HP: 31/31 MP: 5/5
   274 | D:1      | Learned a level 2 spell: Blink
   756 | D:1      | Reached XP level 3. HP: 37/37 MP: 7/7
  1710 | D:1      | Reached XP level 4. HP: 39/45 MP: 8/8
  2252 | D:3      | Learned a level 4 spell: Manifold Assault
  2256 | D:3      | Learned a level 3 spell: Teleport Other
  3172 | D:4      | Reached skill level 4 in Fighting
  3172 | D:4      | Reached XP level 5. HP: 29/54 MP: 10/10
  3337 | D:4      | Noticed Sigmund
  3480 | D:4      | Found Cerghu's Distillery.
  3504 | D:4      | Found a one-way gate to the infinite horrors of the Abyss.
  3504 | D:4      | Noticed cforsyth's ghost (amateur DjHW)
  3505 | D:4      | Noticed a kobold brigand
  3510 | D:4      | Found a transporter.
  3612 | D:4      | Found a transporter.
  4011 | D:5      | Entered Level 5 of the Dungeon
  4016 | D:5      | Found a staircase to the Ecumenical Temple.
  4021 | Temple   | Entered the Ecumenical Temple
  4162 | Temple   | Became a worshipper of Cheibriados the Contemplative
  4230 | D:5      | HP: 1/54 [ufetubus (4)]
  4230 | D:5      | Slain by an ufetubus

Illustrated notes

Levels and vault maps discovered:
D:1:      dpeg_arrival_concentric_ovals, layout_basic, serial_shops,
          nicolae_shop_rolling_square, minmay_nonomino_d4
D:2:      layout_rooms, minmay_joined_circles
D:3:      layout_basic, grunt_decor_cap
D:4:      layout_layer_cave, serial_shops, nicolae_shop_stone,
          gammafunk_ghost_abyssal_escape, uniq_sigmund
D:5:      layout_basic, lemuel_round_altar, temple_doors_cd,
          nicolae_ossuary_entry_plus, columned_hall_lemuel, serial_bayou_pond_a,
          minmay_misc_feat_chi, corner_web_ring,
          serial_library_hellmonk_double_dead_end, nicolae_titane, uniq_grinder,
          uniq_eustachio, uniq_pikel
Temple:   dpeg_five_rooms_temple

Skill      XL: |  1  2  3  4 |
---------------+-------------+-----
Fighting       | 3 4 |  4.2
Translocations | 3 |  3.5
Spellcasting   | 3 |  3.5
Maces & Flails | 3 |  3.1
Throwing       | |  1.0
Dodging        | |  2.1

Action                     |  1- 3 |  4- 6 || total
---------------------------+-------+-------++-------
  Melee: Mace              |   131 |   104 ||   235
         Headbutt          |    14 |    16 ||    30
         Punch             |       |     1 ||     1
  Throw: Stone             |     3 |     5 ||     8
         Dart              |     1 |       ||     1
    Use: Potion            |     2 |     2 ||     4
         Scroll            |       |     6 ||     6
   Stab: Sleeping          |     1 |     2 ||     3
 Armour: Robe              |    80 |    91 ||   171
  Dodge: Dodged            |    74 |    65 ||   139

Table legend: (Time is in decaauts)
 A = Elapsed time spent in this place.
 B = Non-inter-level travel time spent in this place.
 C = Inter-level travel time spent in this place.
 D = Time resting spent in this place.
 E = Time spent auto-exploring this place.
 F = Levels seen in this place.
 G = Mean time per level.
                   A        B        C        D        E       F      G
               +--------+--------+--------+--------+--------+-----+--------+
         Total |   4289 |   4109 |    180 |    410 |   1880 |   6 |  714.8 |
       Dungeon |   4111 |   3993 |    118 |    410 |   1880 |   5 |  822.2 |
        Temple |    178 |    116 |     62 |      0 |      0 |   1 |  178.0 |
               +--------+--------+--------+--------+--------+-----+--------+

Top non-repeatable levels by time:
     D:1: 1310 daAuts
     D:2: 963 daAuts
     D:3: 892 daAuts
     D:4: 888 daAuts
  Temple: 178 daAuts
     D:5: 57 daAuts
